 Dungeon Crawl Stone Soup version 0.30-a0-297-g0ec75d9ef4 (webtiles) character file.

Game seed: 15138387498373513915

80 HarveyMantaco the Firebug (level 3, 0/26 HPs)
             Began as a Demigod Fire Elementalist on Oct 18, 2022.
             Slain by Terence
             ... wielding a +0 short sword
              (2 damage)
             ... on level 3 of the Dungeon.
             The game lasted 00:07:10 (2053 turns).

HarveyMantaco the Firebug (DgFE)                    Turns: 2053, Time: 00:07:10

Health: 0/26       AC:  2    Str:  9    XL:     3   Next: 98%
Magic:  1/17       EV: 12    Int: 21    God:
Gold:   97         SH:  0    Dex: 14    Spells: 2/5 levels left

rFire   . . .      SeeInvis .    (no weapon)
rCold   . . .      Faith    .    (no shield)
rNeg    . . .      Spirit   .    a - +0 robe
rPois   .          Reflect  .    (no helmet)
rElec   .          Harm     .    (no cloak)
rCorr   .          Rampage  .    (no gloves)
Will    .....                    (no boots)
Stlth   ++........               (no amulet)
HPRegen 0.24/turn                e - ring of magical power
MPRegen 0.15/turn                (no ring)

@: weak-willed
A: high MP 1, forlorn, divine attributes
a: no special abilities


You were on level 3 of the Dungeon.
You visited 1 branch of the dungeon, and saw 3 of its levels.

You collected 97 gold pieces.

Inventory:

Hand Weapons
 j - a +0 dagger of pain
Missiles
 h - a throwing net
Armour
 a - a +0 robe (worn)
Jewellery
 e - a ring of magical power (left hand)
Wands
 k - a wand of iceblast (7)
Scrolls
 d - 2 scrolls of identify {unknown}
 i - 2 scrolls of teleportation {unknown}
Potions
 b - a potion of magic


   Skills:
 - Level 1.7 Dodging
 - Level 1.7 Stealth
 - Level 1.7 Spellcasting
 + Level 1.5 Conjurations
 * Level 4.3 Fire Magic


You had 2 spell levels left.
You knew the following spells:

 Your Spells              Type           Power      Damage    Failure   Level
a - Foxfire               Conj/Fire      56%        2x1d6     4%          1
b - Scorch                Fire           40%        2d7       3%          2

Your spell library contained the following spells:

 Spells                   Type           Power      Damage    Failure   Level
 Freeze                   Ice            4%         1d3       16%         1
 Inner Flame              Hex/Fire       11%        N/A       19%         3
 Kindle Blastsparks       Fire/Tloc/Air  14%        2d11      26%         3
 Hailstorm                Conj/Ice       5%         3d4       32%         3
 Frozen Ramparts          Ice            2%         1d1       41%         3
 Flame Wave               Conj/Fire      14%        2d6       41%         4


Dungeon Overview and Level Annotations

Branches:
Dungeon (3/15)

Annotations:
D:3 Terence


Innate Abilities, Weirdness & Mutations

You have an increased reservoir of magic. (+10% MP)
You shall have no god before yourself.
Your divine heritage dramatically boosts your attributes as you level up.


Message History

Casting: Scorch (safe; 3% risk of failure)
Confirm with . or Enter, or press ? or * to list all spells.
Flames lash Terence.
Terence completely resists.
Terence misses you.
Casting: Scorch (safe; 3% risk of failure)
Confirm with . or Enter, or press ? or * to list all spells.
Flames lash the quokka.
You kill the quokka!
Terence hits you with a +0 short sword.
Casting: Scorch (safe; 3% risk of failure)
Confirm with . or Enter, or press ? or * to list all spells.
Flames lash Terence.
Terence resists.
Terence is moderately wounded.
Terence's fire resistance burns away.
Terence misses you.
Casting: Scorch (safe; 3% risk of failure)
Confirm with . or Enter, or press ? or * to list all spells.
You conjure some foxfire!
Terence hits you with a +0 short sword.
The foxfire hits Terence.
Terence is heavily wounded.
The foxfire hits Terence but does no damage.
Terence is heavily wounded.
Terence bares his teeth.
Casting: Foxfire (safe; 4% risk of failure)
Confirm with . or Enter, or press ? or * to list all spells.
Flames lash Terence.
Terence is severely wounded.
Terence hits you with a +0 short sword.
As you read the scroll labelled BURIAJ RUSTREI, it crumbles to dust.
Magic quickly surges around you.
It was a scroll of vulnerability.
Terence hits you with a +0 short sword.
* * * LOW HITPOINT WARNING * * *
Okay, then.
Okay, then.
As you read the scroll labelled POLLUKL XUMU, it crumbles to dust.
You feel aware of your surroundings.
It was a scroll of magic mapping.
Terence hits you with a +0 short sword.
* * * LOW HITPOINT WARNING * * *
As you read the scroll labelled OROMEI TA POG, it crumbles to dust.
The creatures around you are filled with an inner flame!
It was a scroll of immolation.
Terence hits you with a +0 short sword.
You die...

###### #######
#....# #.....####
#....# ##........#
#....# ********
.......##.# #...@#
*,,,,,,*
.#........###...@#
*,,,,,,*
#######.###....†.#
*,,,,,,*
.#####..#...#....#
***,,***
..........######.#
***,,,*
......#####
#.#**,,,***
......# #..,,,,,*
....###
****#..#*,,**
......**
*,,,....,,,*


You could see Terence (inner flame, weak-willed, combustible).

Vanquished Creatures
  2 adders (D:2)
  An ufetubus (D:3)
  2 worms (D:2)
  A dart slug (D:1)
  3 orcs (D:3)
  4 endoplasms
  4 giant cockroaches
  7 goblins
  A hobgoblin (D:1)
  2 kobolds
  3 quokkas
  3 ball pythons
  4 bats
  4 frilled lizards
  5 rats
46 creatures vanquished.

Vanquished Creatures (others)
  98 foxfires
98 creatures vanquished.

Grand Total: 144 creatures vanquished

Notes
Turn   | Place    | Note
-------+----------+-------------------------------------------
     0 | D:1      | HarveyMantaco the Demigod Fire Elementalist began the quest
                  | for the Orb.
     0 | D:1      | Reached XP level 1. HP: 14/14 MP: 5/5
   128 | D:1      | Reached skill level 3 in Fire Magic
   281 | D:1      | Reached XP level 2. HP: 20/20 MP: 5/7
  1272 | D:2      | Learned a level 2 spell: Scorch
  1307 | D:2      | Reached skill level 1 in Conjurations
  1307 | D:2      | Reached skill level 4 in Fire Magic
  1307 | D:2      | Reached XP level 3. HP: 22/26 MP: 8/8
  2033 | D:3      | Noticed Terence
  2053 | D:3      | Slain by Terence

Illustrated notes

Levels and vault maps discovered:
D:1:      minmay_arrival_jagged, layout_basic, minmay_heptomino_h4
D:2:      layout_rooms
D:3:      layout_rooms, uniq_terence

Skill      XL: |  1  2 |
---------------+-------+-----
Fire Magic     | 3 4 |  4.3
Conjurations   | 1 |  1.5
Dodging        | |  1.7
Stealth        | |  1.7
Spellcasting   | |  1.7

Action                   || total
-------------------------++-------
Melee: Unarmed           ||     5
 Cast: Foxfire           ||    65
       Scorch            ||    24
  Use: Scroll            ||     3
Armor: Robe              ||     5
Dodge: Dodged            ||    14

Table legend: (Time is in decaauts)
 A = Elapsed time spent in this place.
 B = Non-inter-level travel time spent in this place.
 C = Inter-level travel time spent in this place.
 D = Time resting spent in this place.
 E = Time spent auto-exploring this place.
 F = Levels seen in this place.
 G = Mean time per level.
                   A        B        C        D        E       F      G
               +--------+--------+--------+--------+--------+-----+--------+
         Total |   2053 |   1987 |     66 |    451 |   1165 |   3 |  684.3 |
       Dungeon |   2053 |   1987 |     66 |    451 |   1165 |   3 |  684.3 |
               +--------+--------+--------+--------+--------+-----+--------+

Top non-repeatable levels by time:
     D:1: 1118 daAuts
     D:2: 823 daAuts
     D:3: 111 daAuts
